 Dungeon Crawl Stone Soup version 0.20.1-1-g8b1a95d (webtiles) character file.

74 rin1221 the Digger (level 4, -1/25 HPs)
             Began as a Gargoyle Earth Elementalist on July 14, 2017.
             Killed from afar by a dart slug (3 damage)
             ... with a slug dart
             ... on level 2 of the Dungeon.
             The game lasted 00:06:28 (1702 turns).

rin1221 the Digger (Gargoyle Earth Elementalist)    Turns: 1702, Time: 00:06:28

Health: -1/25      AC:  8    Str: 11    XL:     4   Next: 30%
Magic:  1/7        EV: 12    Int: 17    God:
Gold:   140        SH:  0    Dex: 10    Spells: 4/7 levels left

rFire    + . .     SeeInvis .   g - +0 club
rCold    + . .     Gourm    .   (no shield)
rNeg     + . .     Faith    .   c - +0 robe
rPois    ∞         Spirit   .   (no helmet)
rElec    +         Reflect  .   (no cloak)
rCorr    +         Harm     .   (no gloves)
MR       .....                  k - +2 pair of boots
Stlth    ++........             (no amulet)
Regen    0.1/turn               (no ring)
MPRegen  0.1/turn               (no ring)

@: resistant, very slightly contaminated
A: negative energy resistance 1, electricity resistance, unbreathing,
petrification resistance, rot immunity, AC +3
a: no special abilities


You were on level 2 of the Dungeon.
You were hungry.

You visited 1 branch of the dungeon, and saw 2 of its levels.

You collected 140 gold pieces.

Inventory:

Hand Weapons
 g - a +0 club (weapon)
Missiles
 b - 35 stones (quivered)
Armour
 c - a +0 robe (worn)
 i - a +1 leather armour
 k - a +2 pair of boots (worn)
Jewellery
 h - a cursed ring of teleportation {unknown}
 j - a +4 ring of intelligence {unknown}
Potions
 f - a potion of resistance
Books
 e - a book of Geomancy

   Spells                             Type                      Level
   a - Sandblast                      Earth                        1
   b - Passwall                       Transmutation/Earth          2
   c - Stone Arrow                    Conjuration/Earth            3
   d - Petrify                        Transmutation/Earth          4
   e - Lee's Rapid Deconstruction     Earth                        5
Comestibles
 d - a bread ration


   Skills:
 + Level 1.0 Fighting
 * Level 0.4 Maces & Flails
 * Level 0.9 Armour
 * Level 1.9 Dodging
 * Level 3.1 Stealth
 + Level 1.0 Unarmed Combat
 * Level 2.3 Spellcasting
 + Level 1.0 Transmutations
 + Level 3.9 Earth Magic


You had 4 spell levels left.
You knew the following spells:

 Your Spells              Type           Power        Failure   Level  Hunger
a - Sandblast             Erth           ###...       3%          1    #......
b - Passwall              Tmut/Erth      ##........   10%         2    ###....


Dungeon Overview and Level Annotations

Branches:
Dungeon (2/15)

Altars:


Innate Abilities, Weirdness & Mutations

You are resistant to torment.
Your stone body is resilient. (AC +3)
You are immune to poison.
You resist negative energy. (rN+)
You are resistant to electric shocks. (rElec)
You can survive without breathing.
You are immune to petrification.
You are immune to rotting.


Message History

Press: ? - help, Shift-Dir - straight line, f/p - hobgoblin
Aim: a hobgoblin, wearing a leather armour (almost dead)
The blast of sand hits the hobgoblin.
You kill the hobgoblin!
b - 35 stones The dart slug launches a dart at you.
The slug dart misses you. The dart slug launches a dart at you.
The slug dart hits you!
* * * LOW HITPOINT WARNING * * *
You see here a leather armour.
You hit the dart slug but do no damage.
The dart slug is moderately wounded.
The dart slug barely misses you.
You hit the dart slug.
The dart slug is heavily wounded.
The goblin no longer looks unusually strong.
The dart slug launches a dart at you. The slug dart hits you!
You die...

#.###..>....# #.......#
####........#### ####.####
#....################.#
#.##.######..)..).)...#
#.##..[.<...###########
#.##..##....###
#.##..##......# #. .#
#.......>..##)# #.. ..#
#.##..#.#..##@# #.####..###
#.##........#w# #.##......
#.#####.#.#.#g# #.##.#..#
#...>...#.....# #.##.#..#
##########...#####.......###
#...###.......#...##
#.....g...##.......##
######...###g#.#..........
#.............g.....w....g


You could see a dart slug and a goblin.

Vanquished Creatures
  Robin (D:2)
  An ooze (D:2)
  A worm (D:2)
  A dart slug (D:2)
  2 leopard geckos (D:1)
  3 bats (D:1)
  A giant cockroach (D:1)
  10 goblins (D:2)
  7 hobgoblins
  9 jackals
  2 frilled lizards (D:1)
  5 kobolds
  4 rats (D:1)
47 creatures vanquished.

Notes
Turn   | Place    | Note
-------+----------+-------------------------------------------
     0 | D:1      | rin1221 the Gargoyle Earth Elementalist began the quest for the Orb.
     0 | D:1      | Reached XP level 1. HP: 10/10 MP: 3/3
   168 | D:1      | Reached XP level 2. HP: 12/15 MP: 0/5
   182 | D:1      | Learned a level 2 spell: Passwall
  1053 | D:2      | Reached XP level 3. HP: 18/19 MP: 4/6
  1206 | D:2      | Reached skill level 1 in Transmutations
  1642 | D:2      | Reached skill level 1 in Fighting
  1672 | D:2      | Reached XP level 4. HP: 14/25 MP: 7/7
  1679 | D:2      | Noticed Robin
  1692 | D:2      | Killed Robin
  1692 | D:2      | Reached skill level 1 in Unarmed Combat
  1700 | D:2      | HP: 1/25 [dart slug/slug dart (2)]
  1702 | D:2      | Killed from afar by a dart slug

Skill      XL: |  1  2  3  4 |
---------------+-------------+-----
Transmutations | 1 |  1.0
Fighting       | 1 |  1.0
Stealth        | 3 |  3.1
Unarmed Combat | 1 |  1.0
Maces & Flails | |  0.4
Armour         | |  0.9
Dodging        | |  1.9
Spellcasting   | |  2.3
Earth Magic    | |  3.9

Action                   |  1- 3 |  4- 6 || total
-------------------------+-------+-------++-------
Melee: Unarmed           |    36 |       ||    36
       Club              |   110 |    18 ||   128
 Cast: Sandblast         |    25 |     7 ||    32
  Use: Scroll            |     3 |     1 ||     4
       Potion            |       |     1 ||     1
  Eat: Fruit             |     3 |       ||     3
Armor: Robe              |    47 |    17 ||    64
Dodge: Dodged            |   117 |    18 ||   135
